 Dungeon Crawl Stone Soup version 0.14.0-24-gfb45beb (webtiles) character file.

2353 Infinimo the Geomancer (level 9, -4/45 HPs)
             Began as a Gargoyle Earth Elementalist on Apr 24, 2014.
             Was an Elder of Sif Muna.
             Slain by a giant goldfish (8 damage)
             ... on Level 7 of the Dungeon.
             The game lasted 00:13:41 (7222 turns).

Infinimo the Geomancer (GrEE)                       Turns: 7222, Time: 00:13:42

HP  -4/45        AC 12     Str 12      XL: 9   Next: 27%
MP  24/35        EV 12     Int 19      God: Sif Muna [****..]
Gold 263         SH  0     Dex 10      Spells:  2 memorised, 22 levels left

rFire  . . .     SeeInvis .     (no weapon)
rCold  . . .     Clarity  .     c - +0 robe
rNeg   + . .     Conserve .     (no shield)
rPois  +         rCorr    .     e - +1 helmet
rElec  +         rRot     +     (no cloak)
SustAb . .       Spirit   .     (no gloves)
rMut   .         Warding  .     f - +0 pair of boots
Saprov . . .     Stasis   .     (no amulet)
MR     .....                    A - +2 ring of protection
                                s - ring of magical power

@: not resistant to hostile enchantments, unstealthy
A: life protection 1, electricity resistance, unbreathing, petrification
resistance, AC +5
a: Channel Energy, Forget Spell, Renounce Religion


You were on level 7 of the Dungeon.
You worshipped Sif Muna.
Sif Muna was greatly pleased with you.
You were not hungry.

You visited 1 branch of the dungeon, and saw 7 of its levels.

You collected 291 gold pieces.
You spent 28 gold pieces at shops.

Inventory:

Hand weapons
 i - a +1,+0 short sword
Missiles
 b - 9 stones (quivered)
Armour
 c - a +0 robe (worn)
 e - a +1 helmet (worn)
 f - a +0 pair of boots (worn)
 r - a cursed +0 buckler
Magical devices
 a - a wand of slowing (15)
 n - a wand of flame (18) {unknown}
 E - a wand of enslavement (15)
Comestibles
 h - a meat ration
 x - 6 bread rations
 z - an apricot
 F - a choko
 K - a pear
Scrolls
 l - 3 scrolls of recharging
 m - 4 scrolls of amnesia
 q - a scroll of magic mapping
 v - 5 scrolls of remove curse
 y - a scroll of enchant weapon I
 D - a scroll of blinking
 G - a scroll of teleportation
 H - a scroll of identify
 I - 2 scrolls of fear
Jewellery
 s - a ring of magical power (left hand)
 A - a +2 ring of protection (right hand)
 B - an uncursed ring of flight
Potions
 g - 2 potions of might
 j - 5 potions of brilliance
 k - a potion of berserk rage
 o - a potion of agility
 p - a potion of poison
 t - a potion of restore abilities
 u - a potion of curing
 w - a potion of invisibility
 C - a potion of paralysis
Books
 d - a book of Geomancy

   Spells                             Type                      Level
   *Sandblast                         Earth                        1
   Stoneskin                          Transmutation/Earth          2
   Passwall                           Transmutation/Earth          3
   *Stone Arrow                       Conjuration/Earth            3
   Petrify                            Transmutation/Earth          4
   Lee's Rapid Deconstruction         Earth                        5


   Skills:
 - Level 1.5 Dodging
 - Level 2.1 Stealth
 + Level 9.1 Spellcasting
   Level 0.7 Transmutations
 - Level 9.2 Earth Magic


You had 22 spell levels left.
You knew the following spells:

 Your Spells              Type           Power        Failure   Level  Hunger
a - Sandblast             Erth           #####.       1%          1    None
b - Stone Arrow           Conj/Erth      ####..       4%          3    None


Dungeon Overview and Level Annotations

Branches:
Dungeon (7/15)             Temple (0/1) D:7

Altars:
Nemelex Xobeh
Okawaru
Sif Muna
Yredelemnul
Zin

Shops:
D:7 ?


Innate Abilities, Weirdness & Mutations

You are resistant to torment.
You are immune to poison.
You are immune to rotting.
Your stone body is very resilient (AC +5).
You resist negative energy.
You are resistant to electric shocks.
You can survive without breathing.
You are immune to petrification.


Message History

The blast of sand hits the giant goldfish.
The giant goldfish is severely wounded.
The giant goldfish bites you!
* * * LOW HITPOINT WARNING * * *
Casting: Sandblast
Confirm with . or Enter, or press ? or * to list all spells.
Aiming: Sandblast
Press: ? - help, Shift-Dir - straight line, f/p - giant goldfish
Aim: a giant goldfish (water, severely wounded)
The blast of sand hits the giant goldfish.
The giant goldfish is severely wounded.
Casting: Sandblast
Confirm with . or Enter, or press ? or * to list all spells.
Aiming: Sandblast
Press: ? - help, Shift-Dir - straight line, f/p - giant goldfish
Aim: a giant goldfish (water, severely wounded)
The blast of sand hits the giant goldfish.
The giant goldfish is severely wounded.
The giant goldfish bites you!
You die...

.≈≈≈≈≈♣ #≈≈♣≈## .≈≈≈PP♣
#.P# .. #♣P≈P≈# #.## ..#
#≈≈≈≈♣# #%######..#
##♣%♣.# #.........# #♣..#
#.%####...##
#..######..#P#....♣#.
####.........).≈≈.≈≈≈≈≈..
.......#####.P≈≈@≈≈≈≈≈.♣.
.......# #..≈≈≈;≈≈≈.≈≈.
.......# #.P≈.≈≈≈≈≈≈≈≈
#####..# #..P≈≈≈≈.≈.≈.
#..# #...P≈≈.≈.≈≈. #..#
#..#..P..P♣. #..#
#..####...# #..# #..# ...
#.)# #...


You could see a giant goldfish.

Vanquished Creatures
  A spriggan (D:7)
  A sky beast (D:3)
  2 orc warriors (D:6)
  2 giant goldfish (D:7)
  2 centaurs (D:6)
  A giant frog (D:6)
  A water moccasin skeleton (D:7)
  3 scorpions
  A yak zombie (D:7)
  3 wights (D:6)
  An electric eel (D:7)
  A goliath beetle (D:6)
  A crimson imp (D:5)
  4 orc priests
  2 hounds
  3 orc wizards
  An iguana (D:6)
  6 worker ants
  Ijyb (D:1)
  An ogre zombie (D:7)
  8 gnolls (D:7)
  4 adders
  4 shadow imps
  6 worms
  An adder skeleton (D:7)
  An ooze (D:4)
  31 orcs
  A ball python (D:2)
  6 giant cockroaches
  11 hobgoblins
  5 jackals
  A quokka (D:2)
  13 bats
  2 giant geckos
  3 giant newts
  9 goblins
  11 kobolds
  11 rats
166 creatures vanquished.

Notes
Turn   | Place    | Note
--------------------------------------------------------------
     0 | D:1      | Infinimo, the Gargoyle Earth Elementalist, began the quest for the Orb.
     0 | D:1      | Reached XP level 1. HP: 10/10 MP: 3/3
   361 | D:1      | Reached skill level 4 in Earth Magic
   715 | D:1      | Reached XP level 2. HP: 15/15 MP: 0/4
  1543 | D:2      | Noticed Ijyb
  1591 | D:1      | Killed Ijyb
  1591 | D:1      | Reached skill level 5 in Earth Magic
  1591 | D:1      | Reached XP level 3. HP: 5/19 MP: 0/6
  2122 | D:2      | Reached XP level 4. HP: 24/24 MP: 2/7
  2232 | D:2      | Found a deep blue altar of Sif Muna.
  2560 | D:2      | Became a worshipper of Sif Muna the Loreminder
  2614 | D:3      | Noticed a sky beast
  2645 | D:3      | Killed a sky beast
  2645 | D:3      | Reached skill level 7 in Earth Magic
  2645 | D:3      | Reached XP level 5. HP: 8/28 MP: 0/9
  2948 | D:3      | Learned a level 3 spell: Stone Arrow
  3101 | D:3      | Found a glowing silver altar of Zin.
  3504 | D:4      | Reached XP level 6. HP: 25/32 MP: 10/10
  3631 | D:4      | Reached skill level 8 in Earth Magic
  3805 | D:4      | Found an iron altar of Okawaru.
  3807 | D:4      | Acquired Sif Muna's first power
  4236 | D:4      | Found a basalt altar of Yredelemnul.
  4280 | D:5      | Entered Level 5 of the Dungeon
  4355 | D:5      | Reached skill level 9 in Earth Magic
  4370 | D:5      | Reached XP level 7. HP: 31/36 MP: 12/12
  5212 | D:6      | Acquired Sif Muna's second power
  5331 | D:6      | Reached skill level 5 in Spellcasting
  5331 | D:6      | Reached XP level 8. HP: 33/41 MP: 20/20
  5437 | D:6      | Found a sparkling altar of Nemelex Xobeh.
  6458 | D:7      | Found Daam's Magic Scroll Emporium.
  6499 | D:7      | Bought a scroll of identify for 28 gold pieces
  6652 | D:7      | Reached XP level 9. HP: 41/45 MP: 25/25
  7010 | D:7      | Acquired Sif Muna's third power
  7079 | D:7      | Found a staircase to the Ecumenical Temple.
  7222 | D:7      | Slain by a giant goldfish

Action                   |  1- 3 |  4- 6 |  7- 9 || total
-------------------------+-------+-------+-------++-------
Melee: Unarmed           |    13 |       |     5 ||    18
       Short sword       |    19 |       |       ||    19
 Cast: Sandblast         |    59 |   101 |   273 ||   433
       Stone Arrow       |       |       |    27 ||    27
  Use: Scroll            |       |    20 |     7 ||    27
       Potion            |       |       |     2 ||     2
